 Dungeon Crawl Stone Soup version 0.23-a0-171-g5ae17c6e89 (webtiles) character file.

433 Ablot the Charmwright (level 7, -7/56 HPs)
             Began as a Gnoll Skald on Sept 13, 2018.
             Was an Initiate of Okawaru.
             Killed from afar by an orc wizard (12 damage)
             ... with a puff of frost
             ... on level 4 of the Dungeon.
             The game lasted 00:06:04 (3759 turns).

Ablot the Charmwright (Gnoll Skald)                 Turns: 3759, Time: 00:06:05

Health: -7/56      AC:  3    Str: 14 (16) XL:     7   Next: 0%
Magic:  1/15       EV: 14    Int: 13 (15) God:    Okawaru [......]
Gold:   167        SH:  0    Dex: 13 (14) Spells: 2/16 levels left

rFire    . . .     SeeInvis .   a - +0 spear
rCold    . . .     Gourm    +   (no shield)
rNeg     . . .     Faith    .   b - +0 leather armour
rPois    +         Spirit   .   (no helmet)
rElec    .         Reflect  .   (no cloak)
rCorr    .         Harm     .   (no gloves)
MR       .....                  (no boots)
Stlth    +++.......             u - amulet of the gourmand
HPRegen  0.18/turn              q - ring of stealth
MPRegen  0.14/turn              r - ring of poison resistance

@: invisible
A: distributed training, fangs 1, strong nose
a: Renounce Religion


You were on level 4 of the Dungeon.
You worshipped Okawaru.
Okawaru was noncommittal.
You were very full.

You visited 1 branch of the dungeon, and saw 4 of its levels.
You also visited: Ossuary.

You collected 167 gold pieces.

Inventory:

Hand Weapons
 a - a +0 spear (weapon)
 t - a +1 mace of holy wrath
Missiles
 h - 53 stones (quivered)
Armour
 b - a +0 leather armour (worn)
Jewellery
 q - a ring of stealth (left hand)
 r - a ring of poison resistance (right hand)
 s - an uncursed ring of see invisible
 u - an amulet of the gourmand (around neck)
Scrolls
 f - a scroll of fog {unknown}
 i - a scroll of fear {unknown}
 j - a scroll of enchant weapon {unknown}
 k - a scroll of noise {unknown}
 l - a scroll of enchant armour {unknown}
 v - 5 scrolls of identify
 y - 2 scrolls of random uselessness {unknown}
 A - 3 scrolls of immolation {unknown}
 C - 2 scrolls of teleportation {unknown}
Potions
 c - a potion of resistance {unknown}
 e - a potion of invisibility
 g - a potion of brilliance {unknown}
 m - a potion of heal wounds {unknown}
 n - a potion of flight {unknown}
 o - 2 potions of agility {unknown}
 p - a potion of lignification {unknown}
 w - 5 potions of curing
 x - 10 potions of degeneration
 z - a potion of mutation {unknown}
 B - 2 potions of berserk rage {unknown}
Comestibles
 d - 8 rations
 D - 4 chunks of flesh


   Skills:
 + Level 5.1 Fighting
 + Level 2.1 Short Blades
 + Level 2.1 Long Blades
 + Level 2.1 Axes
 + Level 2.1 Maces & Flails
 + Level 5.1 Polearms
 + Level 2.1 Staves
 + Level 2.1 Slings
 + Level 2.1 Bows
 + Level 2.1 Crossbows
 + Level 2.1 Throwing
 + Level 3.4 Armour
 + Level 5.1 Dodging
 + Level 2.1 Stealth
 + Level 2.1 Shields
 + Level 2.1 Unarmed Combat
 + Level 5.4 Spellcasting
 + Level 1.7 Conjurations
 + Level 1.7 Hexes
 + Level 5.7 Charms
 + Level 1.7 Summonings
 + Level 1.7 Necromancy
 + Level 1.7 Translocations
 + Level 1.7 Transmutations
 + Level 1.7 Fire Magic
 + Level 1.7 Ice Magic
 + Level 1.7 Air Magic
 + Level 1.7 Earth Magic
 + Level 1.7 Poison Magic
 + Level 2.4 Invocations
 + Level 2.1 Evocations


You had 2 spell levels left.
You knew the following spells:

 Your Spells              Type           Power        Failure   Level  Hunger
a - Infusion              Chrm           ###.         1%          1    None
b - Song of Slaying       Chrm           ###.....     3%          2    ##.....
c - Shroud of Golubria    Chrm/Tloc      ##........   7%          2    ##.....
d - Regeneration          Chrm/Necr      ##........   14%         3    ###....
e - Spectral Weapon       Hex/Chrm       ##......     14%         3    ###....
f - Vampiric Draining     Necr           #.........   32%         3    ###....

Your spell library contained the following spells:

 Spells                   Type           Power        Failure   Level  Hunger
 Animate Skeleton         Necr           N/A          11%         1    None
 Pain                     Necr           #...         11%         1    None
 Animate Dead             Necr           N/A          71%         4    ####...


Dungeon Overview and Level Annotations

Branches:
Dungeon (4/15)
 Temple: D:4-7

Altars:
Okawaru


Innate Abilities, Weirdness & Mutations

Your experience applies equally to all skills.
You have very sharp teeth.
Your uncanny sense of smell can sniff out nearby items.


Message History

It was a potion of curing.
You feel better.
The orc hits you from afar with a spear.
* * * LOW HITPOINT WARNING * * *
You hear some strange, mumbled words.
A puff of frost appears from out of thin air!
The puff of frost hits you!
* * * LOW HITPOINT WARNING * * *
As you read the scroll labeled USTRUCK WESUSI, it crumbles to dust.
It is a scroll of identify.
e - 2 potions of invisibility The orc hits you from afar with a spear.
* * * LOW HITPOINT WARNING * * *
Something hits you but does no damage.
Okay, then.
You fade into invisibility!
Your skin stops crawling.
The orc barely misses you.
You hear some strange, mumbled words.
A puff of frost appears from out of thin air!
The puff of frost hits you!
You die...

. #..#.. #..#.#
.######### #..#>.
.......... #.o#.#
#......# #o.#.#
#......# #{.#.#
##....).# ##o.#o#
.........#
#...#(#
##.......#
#..##@# #.......#
#..##{# #........
#..##o# #.#......
∆ #..##o##
#.#......
#......# #......
#......# #......
#......# #......
##########.##
#......
...........###+##
#......


You could see 3 orcs and a friendly spectral spear.

Vanquished Creatures
  A howler monkey (D:4)
  A centaur zombie (Ossuary)
  An orc priest (D:3)
  2 orc wizards
  A worker ant (D:4)
  A big kobold zombie (Ossuary)
  A hound zombie (D:2)
  4 mummies (Ossuary)
  7 adders
  2 worms
  3 dart slugs
  4 leopard geckos
  6 orcs
  6 giant cockroaches
  A gnoll zombie (Ossuary)
  10 goblins
  6 hobgoblins
  7 jackals
  2 quokkas
  A ball python (D:1)
  9 bats
  5 frilled lizards
  2 hobgoblin zombies (Ossuary)
  5 kobolds
  3 orc zombies (Ossuary)
  7 rats
98 creatures vanquished.

Vanquished Creatures (others)
  A spectral weapon (Ossuary)
1 creature vanquished.

Grand Total: 99 creatures vanquished

Notes
Turn   | Place    | Note
-------+----------+-------------------------------------------
     0 | D:1      | Ablot the Gnoll Skald began the quest for the Orb.
     0 | D:1      | Reached XP level 1. HP: 20/20 MP: 6/6
   110 | D:1      | Reached XP level 2. HP: 13/26 MP: 7/7
   470 | D:1      | Learned a level 2 spell: Song of Slaying
   473 | D:1      | Learned a level 2 spell: Shroud of Golubria
   765 | D:1      | Reached XP level 3. HP: 31/31 MP: 9/9
   770 | D:1      | Learned a level 3 spell: Regeneration
   774 | D:1      | Learned a level 3 spell: Spectral Weapon
   900 | D:1      | Reached skill level 5 in Spellcasting
  1262 | D:2      | Reached skill level 1 in Invocations
  1607 | D:2      | Reached skill level 1 in Short Blades
  1607 | D:2      | Reached skill level 1 in Long Blades
  1607 | D:2      | Reached skill level 1 in Axes
  1607 | D:2      | Reached skill level 1 in Maces & Flails
  1607 | D:2      | Reached skill level 1 in Staves
  1607 | D:2      | Reached skill level 1 in Slings
  1607 | D:2      | Reached skill level 1 in Bows
  1607 | D:2      | Reached skill level 1 in Crossbows
  1607 | D:2      | Reached skill level 1 in Throwing
  1607 | D:2      | Reached skill level 1 in Stealth
  1607 | D:2      | Reached skill level 1 in Shields
  1607 | D:2      | Reached skill level 1 in Unarmed Combat
  1607 | D:2      | Reached skill level 1 in Evocations
  1688 | D:2      | Reached XP level 4. HP: 34/38 MP: 11/11
  2265 | D:3      | Reached skill level 1 in Conjurations
  2265 | D:3      | Reached skill level 1 in Hexes
  2265 | D:3      | Reached skill level 1 in Summonings
  2265 | D:3      | Reached skill level 1 in Necromancy
  2265 | D:3      | Reached skill level 1 in Translocations
  2265 | D:3      | Reached skill level 1 in Transmutations
  2265 | D:3      | Reached skill level 1 in Fire Magic
  2265 | D:3      | Reached skill level 1 in Ice Magic
  2265 | D:3      | Reached skill level 1 in Air Magic
  2265 | D:3      | Reached skill level 1 in Earth Magic
  2265 | D:3      | Reached skill level 1 in Poison Magic
  2265 | D:3      | Reached XP level 5. HP: 36/43 MP: 7/12
  2833 | D:4      | Found a sand-covered staircase.
  2841 | Ossuary  | Entered an ossuary
  2913 | Ossuary  | Reached XP level 6. HP: 23/50 MP: 3/13
  3329 | D:4      | Found an iron altar of Okawaru.
  3336 | D:4      | Became a worshipper of Warmaster Okawaru
  3366 | D:4      | Reached skill level 5 in Fighting
  3366 | D:4      | Reached skill level 5 in Polearms
  3366 | D:4      | Reached skill level 5 in Dodging
  3557 | D:4      | Learned a level 3 spell: Vampiric Draining
  3746 | D:4      | Reached XP level 7. HP: 27/56 MP: 2/15
  3759 | D:4      | Killed from afar by an orc wizard

Vault maps used:
D:1:      ebering_hopf_link, serial_bayou_ford_a
D:3:      first_ration
D:4:      gammafunk_temple_overflow_wave, okawaru_metal_pillars_1_2,
          chequers_ossuary_entry_cave
Ossuary:  ossuary_crypta

Skill      XL: |  1  2  3  4  5  6 |
---------------+-------------------+-----
Spellcasting   | 5 |  5.4
Invocations    | 1 2 |  2.4
Short Blades   | 1 2 |  2.1
Long Blades    | 1 2 |  2.1
Axes           | 1 2 |  2.1
Maces & Flails | 1 2 |  2.1
Staves         | 1 2 |  2.1
Slings         | 1 2 |  2.1
Bows           | 1 2 |  2.1
Crossbows      | 1 2 |  2.1
Throwing       | 1 2 |  2.1
Stealth        | 1 2 |  2.1
Shields        | 1 2 |  2.1
Unarmed Combat | 1 2 |  2.1
Evocations     | 1 2 |  2.1
Conjurations   | 1 |  1.7
Hexes          | 1 |  1.7
Summonings     | 1 |  1.7
Necromancy     | 1 |  1.7
Translocations | 1 |  1.7
Transmutations | 1 |  1.7
Fire Magic     | 1 |  1.7
Ice Magic      | 1 |  1.7
Air Magic      | 1 |  1.7
Earth Magic    | 1 |  1.7
Poison Magic   | 1 |  1.7
Armour         | 3 |  3.4
Fighting       | 5 |  5.1
Polearms       | 5 |  5.1
Dodging        | 5 |  5.1
Charms         | |  5.7

Action                   |  1- 3 |  4- 6 |  7- 9 || total
-------------------------+-------+-------+-------++-------
Melee: Spear             |   139 |   313 |     7 ||   459
       Bite              |    11 |    30 |     1 ||    42
       Punch             |     1 |     4 |       ||     5
 Cast: Shroud of Golubri |     2 |    14 |       ||    16
       Regeneration      |     1 |     6 |     1 ||     8
       Infusion          |     1 |       |       ||     1
       Spectral Weapon   |       |     6 |       ||     6
       Song of Slaying   |       |     3 |       ||     3
  Use: Scroll            |       |     1 |     1 ||     2
       Potion            |       |       |     3 ||     3
 Stab: Sleeping          |     2 |     8 |       ||    10
       Distracted        |       |     2 |       ||     2
  Eat: Chunk             |     3 |    22 |       ||    25
Armor: Leather armour    |    16 |    42 |     2 ||    60
Dodge: Dodged            |    61 |   133 |     5 ||   199

Table legend:
 A = Non-vault XP
 B = Vault XP
 C = Vault XP percentage of total XP
 D = Non-vault monster count
 E = Vault monster count
 F = Vault count percentage of total count
                 A         B        C        D         E       F
            +---------+---------+-------+---------+---------+-------
      Total |     466 |     153 |  24.7 |      86 |      12 |  12.2
            +---------+---------+-------+---------+---------+-------
        D:1 |      41 |       0 |   0.0 |      22 |       0 |   0.0
        D:2 |      76 |       0 |   0.0 |      24 |       0 |   0.0
        D:3 |     131 |       0 |   0.0 |      20 |       0 |   0.0
        D:4 |     218 |       0 |   0.0 |      20 |       0 |   0.0
    Ossuary |       0 |     153 | 100.0 |       0 |      12 | 100.0
            +---------+---------+-------+---------+---------+-------
